 Dungeon Crawl Stone Soup version 0.27-a0-1528-g90fbb72469 (webtiles) character file.

Game seed: 8849179827597597620

29 Conn the Digger (level 3, 0/21 HPs)
             Began as an Octopode Earth Elementalist on July 11, 2021.
             Slain by a kobold (4 damage)
             ... on level 1 of the Dungeon.
             The game lasted 00:05:30 (679 turns).

Conn the Digger (Octopode Earth Elementalist)        Turns: 679, Time: 00:05:31

Health: 0/21       AC:  1    Str:  7    XL:     3   Next: 16%
Magic:  6/6        EV: 13    Int: 18    God:
Gold:   43         SH:  0    Dex: 12    Spells: 6/7 levels left

rFire    . . .     SeeInvis .   b - +0 dagger (freeze)
rCold    . . .     Faith    .   (no shield)
rNeg     . . .     Spirit   .   (helmet restricted)
rPois    .         Reflect  .   (no amulet)
rElec    .         Harm     .   (no ring)
rCorr    .         Rampage  .   (no ring)
Will     .....                  (no ring)
Stlth    +++.......             (no ring)
HPRegen  0.07/turn              (no ring)
MPRegen  0.10/turn              (no ring)
                                (no ring)
                                (no ring)

@: no status effects
A: almost no armour, amphibious, 8 rings, camouflage 1, gelatinous body 1,
(nimble swimmer 1), tentacles
a: no special abilities


You were on level 1 of the Dungeon.
You visited 1 branch of the dungeon, and saw 1 of its levels.

You collected 43 gold pieces.

Inventory:

Hand Weapons
 b - a +0 dagger of freezing (weapon)
Missiles
 a - 33 sling bullets
 d - 27 stones (quivered)
 e - 19 poisoned darts
Scrolls
 f - a scroll of identify {unknown}
Potions
 c - a potion of invisibility {unknown}


   Skills:
 + Level 2.0 Dodging
 + Level 2.6 Stealth
 + Level 0.1 Unarmed Combat
 + Level 2.5 Spellcasting
 + Level 1.2 Transmutations
 + Level 3.5 Earth Magic


You had 6 spell levels left.
You knew the following spells:

 Your Spells              Type           Power      Damage    Failure   Level
a - Sandblast             Erth           30%        2d9       4%          1

Your spell library contained the following spells:

 Spells                   Type           Power      Damage    Failure   Level
 Passwall                 Tmut/Erth      8%         N/A       10%         2
 Stone Arrow              Conj/Erth      16%        3d8       24%         3
 Petrify                  Tmut/Erth      10%        N/A       54%         4


Dungeon Overview and Level Annotations

Branches:
Dungeon (1/15)

Altars:


Innate Abilities, Weirdness & Mutations

You cannot wear most types of armour.
You are amphibious.
You can wear up to eight rings at the same time.
Your skin changes colour to match your surroundings (Stealth+).
Your rubbery body absorbs attacks. (AC +1, EV +1)
((You are camouflaged near water. (Stealth+)))
You have tentacles for arms and can constrict up to eight enemies at once.


Message History

You kill the jackal!
The jackal misses you.
You closely miss the jackal. Your grab misses the jackal. The jackal bites you.
You closely miss the jackal. Your grab misses the jackal.
The jackal bites you but does no damage.
You hit the jackal. You freeze the jackal. Your grab misses the jackal.
The jackal is almost dead.
The jackal barely misses you. The jackal closely misses you.
You closely miss the jackal. Your grab misses the jackal.
Your squeeze misses the jackal.
The jackal is almost dead.
The jackal misses you.
You closely miss the jackal. You grab the jackal.
The jackal is almost dead.
You constrict the jackal.
You kill the jackal!
The jackal misses you.
You hit the jackal but do no damage. You grab the jackal.
You constrict the jackal, but do no damage.
The jackal bites you.
You barely miss the jackal.
You constrict the jackal, but do no damage.
The jackal closely misses you. x2
You hit the jackal but do no damage.
You constrict the jackal, but do no damage.
The jackal misses you.
You hit the jackal. You freeze the jackal. You squeeze the jackal.
You kill the jackal!
You barely miss the kobold. Your grab misses the kobold.
The kobold hits you but does no damage.
You hit the kobold but do no damage. You grab the kobold.
You constrict the kobold, but do no damage.
The kobold barely misses you.
You hit the kobold but do no damage.
You constrict the kobold, but do no damage.
The kobold hits you with a +0 short sword.
* * * LOW HITPOINT WARNING * * *
You hit the kobold but do no damage. You constrict the kobold.
The kobold hits you with a +0 short sword.
You die...

.# .#### .....
.....########### .......
................ .......
............# ..$....
.....##.....### ###......
#..## #....†..# #......#
##...##.....#..####......#
............##..@Kl......###
............#######........#
.......###........#......#.#
........................##
.......###...........####
#.#......................
#.#.†..............^...^.(
#.......#.........#P#.#?_P
.)......##........#.#P####


You could see a kobold and a frilled lizard.

Vanquished Creatures
  3 ball pythons (D:1)
  2 endoplasms (D:1)
  3 goblins (D:1)
  3 hobgoblins (D:1)
  8 jackals (D:1)
  2 bats (D:1)
  2 frilled lizards (D:1)
  A rat (D:1)
24 creatures vanquished.

Notes
Turn   | Place    | Note
-------+----------+-------------------------------------------
     0 | D:1      | Conn the Octopode Earth Elementalist began the quest for
                  | the Orb.
     0 | D:1      | Reached XP level 1. HP: 11/11 MP: 3/3
   418 | D:1      | Reached XP level 2. HP: 17/17 MP: 3/5
   639 | D:1      | Found a faded altar of an unknown god.
   655 | D:1      | Reached XP level 3. HP: 19/21 MP: 6/6
   679 | D:1      | Slain by a kobold

Illustrated notes

Levels and vault maps discovered:
D:1:      psy_arrival_conway, layout_rooms, shapermc_ecumenical_altar_rom_forum

Action                   || total
-------------------------++-------
Melee: Unarmed           ||    35
       Tentacles         ||    15
       Constrict         ||    11
       Dagger            ||    32
Throw: Dart              ||     1
       Stone             ||     1
 Cast: Sandblast         ||    19
Armor: Skin              ||     3
Dodge: Dodged            ||    28

Table legend: (Time is in decaauts)
 A = Elapsed time spent in this place.
 B = Non-inter-level travel time spent in this place.
 C = Inter-level travel time spent in this place.
 D = Time resting spent in this place.
 E = Time spent auto-exploring this place.
 F = Levels seen in this place.
 G = Mean time per level.
                   A        B        C        D        E       F      G
               +--------+--------+--------+--------+--------+-----+--------+
         Total |    675 |    675 |      0 |    224 |    162 |   1 |  675.0 |
       Dungeon |    675 |    675 |      0 |    224 |    162 |   1 |  675.0 |
               +--------+--------+--------+--------+--------+-----+--------+

Top non-repeatable levels by time:
     D:1: 675 daAuts
